 Dungeon Crawl Stone Soup version 0.21.1-1-g345015f (webtiles) character file.

674 lotte the Caller (level 7, -1/36 HPs)
             Began as a Deep Elf Wizard on July 1, 2018.
             Was an Initiate of Vehumet.
             Shot with an arrow by a centaur (14 damage)
             ... on level 5 of the Dungeon.
             The game lasted 00:33:21 (6534 turns).

lotte the Caller (Deep Elf Wizard)                  Turns: 6534, Time: 00:33:21

Health: -1/36      AC:  4    Str:  4    XL:     7   Next: 33%
Magic:  15/18      EV: 14    Int: 25    God:    Vehumet [......]
Gold:   249        SH:  0    Dex: 13    Spells: 9/18 levels left

rFire    + . .     SeeInvis .   s - +4 quarterstaff (chaos)
rCold    . . .     Gourm    .   (shield currently unavailable)
rNeg     . . .     Faith    .   a - +0 robe
rPois    .         Spirit   .   b - +0 hat
rElec    .         Reflect  .   t - +0 cloak
rCorr    .         Harm     .   (no gloves)
MR       .....                  l - +0 pair of boots
Stlth    ++........             (no amulet)
HPRegen  0.12/turn              y - ring of protection from fire
MPRegen  0.16/turn              (no ring)

@: no status effects
A: no striking features
a: Renounce Religion


You were on level 5 of the Dungeon.
You worshipped Vehumet.
Vehumet was noncommittal.
You were near starving.

You visited 2 branches of the dungeon, and saw 6 of its levels.

You collected 249 gold pieces.

Inventory:

Hand Weapons
 k - a +0 hand axe
 s - a +4 quarterstaff of chaos (weapon)
Armour
 a - a +0 robe (worn)
 b - a +0 hat (worn)
 l - a +0 pair of boots (worn)
 t - a +0 cloak (worn)
Jewellery
 y - a ring of protection from fire (left hand)
Wands
 v - a wand of polymorph (5)
Scrolls
 g - 3 scrolls of amnesia {unknown}
 h - 2 scrolls of remove curse
 j - a scroll of immolation {unknown}
 n - 2 scrolls of teleportation {unknown}
 o - a scroll of fear {unknown}
 p - 6 scrolls of identify {unknown}
 w - 2 scrolls of magic mapping {unknown}
Potions
 e - 3 potions of curing
 f - a potion of ambrosia {unknown}
 i - 3 potions of agility
 m - a potion of resistance {unknown}
 q - 2 potions of might {unknown}
 r - a potion of heal wounds {unknown}
 u - a potion of flight {unknown}
 x - a potion of degeneration {unknown}
 A - a potion of lignification {unknown}
Books
 c - a book of Minor Magic

   Spells                             Type                      Level
   a - Magic Dart                     Conjuration                  1
   b - Blink                          Translocation                2
   c - Call Imp                       Summoning                    2
   d - Slow                           Hexes                        2
   e - Conjure Flame                  Conjuration/Fire             3
   f - Mephitic Cloud                 Conjuration/Poison/Air       3
Comestibles
 d - 9 rations


   Skills:
 - Level 4.1 Dodging
 - Level 2.4 Stealth
 - Level 6.0 Spellcasting
 - Level 1.2 Conjurations
 + Level 7.5 Summonings
   Level 1.1 Translocations


You had 9 spell levels left.
You knew the following spells:

 Your Spells              Type           Power        Failure   Level  Hunger
a - Magic Dart            Conj           ##..         4%          1    None
b - Call Imp              Summ           #####...     1%          2    None
c - Conjure Flame         Conj/Fire      ##......     17%         3    None
d - Mephitic Cloud        Conj/Pois/Air  #.......     19%         3    None


Dungeon Overview and Level Annotations

Branches:
Dungeon (5/15)             Temple (1/1) D:4

Altars:
Ashenzari
Dithmenos
Elyvilon
Hepliaklqana
Nemelex Xobeh
Ru
Trog
Vehumet
Xom
Yredelemnul


Message History

Your crimson imp blinks!
The centaur shoots an arrow.
The arrow misses you.
Your crimson imp blinks!
You see here an arrow.
Casting: Magic Dart
Confirm with . or Enter, or press ? or * to list all spells.
A metallic apparition takes form in the air.
The centaur shoots an arrow.
The arrow hits your crimson imp!
Your crimson imp dies!
The centaur shoots an arrow.
The arrow hits your iron imp.
Your crimson imp disappears in a puff of smoke!
The centaur shoots an arrow.
The arrow hits you!
Your iron imp closely misses the centaur.
You see here an arrow.
Your iron imp hits the centaur but does no damage.
The centaur shoots an arrow.
The arrow barely misses your iron imp. The arrow misses you.
The centaur shoots an arrow.
The arrow barely misses your iron imp. The arrow hits you!
You die...

..#...(_...####
.......5......#
......c....$..#
#.............# #
#.....5...(...##?###
.##...................
...........(...###..
#........(...#...#
####...)..@.....#.⌠.# ...
................#...# ###
#............≈###≈≈≈ #
#.............≈≈≈≈≈≈ +.
#.............≈≈≈≈≈≈ ##.###
#............≈###≈≈≈
##....####............#...#≈≈
.............########.#.⌠.#
.............# #.#...#


You could see a centaur and 2 friendly iron imps.

Vanquished Creatures
  An adder (D:2)
  A gnoll (D:4)
  2 dart slugs (D:1)
  2 leopard geckos
  A ball python (D:1)
  4 giant cockroaches
  4 goblins
  3 hobgoblins (D:1)
  3 jackals (D:2)
  5 kobolds
  A quokka (D:2)
  6 bats
  10 frilled lizards
  15 rats
58 creatures vanquished.

Vanquished Creatures (collateral kills)
  Sigmund (D:4)
  3 phantoms
  A centaur (D:5)
  2 howler monkeys (D:4)
  A quasit (D:5)
  A bullfrog skeleton (D:4)
  A hound (D:4)
  3 orc priests
  Crazy Yiuf (D:2)
  Jessica (D:3)
  2 iguanas
  3 worker ants
  A hound skeleton (D:4)
  6 gnolls
  7 adders
  An ooze (D:2)
  2 worms (D:3)
  A leopard gecko (D:4)
  12 orcs
  A bat (D:2)
  A giant cockroach (D:4)
  2 hobgoblins
  4 jackals (D:3)
  A quokka (D:2)
  A ball python (D:3)
  A frilled lizard (D:3)
  A jackal skeleton (D:4)
  A quokka zombie (D:5)
  A rat (D:2)
64 creatures vanquished.

Grand Total: 122 creatures vanquished

Notes
Turn   | Place    | Note
-------+----------+-------------------------------------------
     0 | D:1      | lotte the Deep Elf Wizard began the quest for the Orb.
     0 | D:1      | Reached XP level 1. HP: 10/10 MP: 7/7
     4 | D:1      | Noticed an anaconda
   556 | D:1      | Reached skill level 5 in Spellcasting
   556 | D:1      | Reached XP level 2. HP: 15/15 MP: 5/10
   560 | D:1      | Learned a level 2 spell: Call Imp
   978 | D:1      | Noticed a black mamba
  1148 | D:2      | Reached XP level 3. HP: 8/19 MP: 1/12
  1418 | D:2      | Found a runed door.
  1639 | D:2      | Reached skill level 2 in Summonings
  1932 | D:2      | Reached XP level 4. HP: 24/24 MP: 4/14
  2410 | D:2      | Reached skill level 3 in Summonings
  2503 | D:2      | Noticed Crazy Yiuf
  2522 | D:2      | Killed Crazy Yiuf
  2735 | D:3      | Noticed Jessica
  2752 | D:3      | Killed Jessica
  2752 | D:3      | Reached XP level 5. HP: 28/28 MP: 13/15
  2833 | D:3      | Reached skill level 4 in Summonings
  3541 | D:3      | Learned a level 3 spell: Conjure Flame
  3545 | D:3      | Learned a level 3 spell: Mephitic Cloud
  4076 | D:4      | Noticed Sigmund
  4078 | D:4      | Noticed a phantom
  4135 | D:4      | Killed Sigmund
  4135 | D:4      | Reached skill level 5 in Summonings
  4135 | D:4      | Reached XP level 6. HP: 20/32 MP: 1/17
  4477 | D:4      | Reached skill level 6 in Summonings
  4720 | D:4      | Found a staircase to the Ecumenical Temple.
  4730 | Temple   | Entered the Ecumenical Temple
  4748 | Temple   | Became a worshipper of Vehumet
  5545 | D:4      | Reached skill level 7 in Summonings
  5734 | D:4      | Reached XP level 7. HP: 36/36 MP: 9/18
  6125 | D:5      | Entered Level 5 of the Dungeon
  6521 | D:5      | Found a bloodstained altar of Trog.
  6524 | D:5      | Found a sacrificial altar of Ru.
  6524 | D:5      | Found a sparkling altar of Nemelex Xobeh.
  6534 | D:5      | Shot with an arrow by a centaur

Skill      XL: |  1  2  3  4  5  6  7 |
---------------+----------------------+-----
Spellcasting   | 5 6 |  6.0
Summonings     | 2 3 5 7 |  7.5
Dodging        | 4 |  4.1
Stealth        | |  2.4
Conjurations   | |  1.2
Translocations | |  1.1

Action                   |  1- 3 |  4- 6 |  7- 9 || total
-------------------------+-------+-------+-------++-------
Melee: Quarterstaff      |       |     1 |       ||     1
 Cast: Magic Dart        |    81 |    70 |     7 ||   158
       Call Imp          |    13 |    96 |    24 ||   133
  Use: Scroll            |       |       |     2 ||     2
  Eat: Chunk             |     2 |    11 |     2 ||    15
Armor: Robe              |     3 |    10 |     5 ||    18
Dodge: Dodged            |    16 |    41 |    24 ||    81
